 Dungeon Crawl Stone Soup version 0.25.0-3-gd7cc5688da (webtiles) character file.

Game seed: 6663571582271241274

6169 Dirian the Carver (level 10, -7/86 HPs)
             Began as a Minotaur Fighter on June 15, 2020.
             Was an Elder of Okawaru.
             Mangled by a two-headed ogre
             ... wielding a +0 giant spiked club
              (10 damage)
             ... on level 8 of the Dungeon.
             The game lasted 00:14:51 (9475 turns).

Dirian the Carver (Minotaur Fighter)                Turns: 9475, Time: 00:14:51

Health: -7/86      AC: 14    Str: 29    XL:     10   Next: 60%
Magic:  9/9        EV:  7    Int:  5    God:    Okawaru [****..]
Gold:   584        SH: 12    Dex: 11    Spells: 9/9 levels left

rFire    . . .     SeeInvis .   a - +1 long sword
rCold    . . .     Gourm    .   H - +0 kite shield {rN+}
rNeg     + . .     Faith    .   f - +0 chain mail
rPois    +         Spirit   .   (helmet restricted)
rElec    .         Reflect  .   s - +1 cloak
rCorr    .         Harm     .   o - +0 pair of gloves
MR       .....                  (no boots)
Stlth    ..........             (no amulet)
HPRegen  0.24/turn              F - +6 ring of strength
MPRegen  0.11/turn              v - ring of poison resistance

@: very slightly contaminated
A: retaliatory headbutt, horns 2
a: Heroism, Renounce Religion


You were on level 8 of the Dungeon.
You worshipped Okawaru.
Okawaru was greatly pleased with you.
You were hungry.

You visited 1 branch of the dungeon, and saw 9 of its levels.

You collected 584 gold pieces.

Inventory:

Hand Weapons
 a - a +1 long sword (weapon)
Armour
 f - a +0 chain mail (worn)
 j - a +0 plate armour
 o - a +0 pair of gloves (worn)
 s - a +1 cloak (worn)
 H - a +0 kite shield of positive energy (worn)
Jewellery
 n - an uncursed ring of positive energy
 p - an uncursed ring of protection from cold
 v - a ring of poison resistance (right hand)
 F - a +6 ring of strength (left hand)
 G - an uncursed ring of flight
Wands
 k - a wand of flame (19)
 r - a wand of acid (5)
 u - a wand of paralysis (13)
 D - a wand of iceblast (5)
Scrolls
 g - a scroll of immolation
 i - a scroll of enchant armour
 m - 2 scrolls of magic mapping
 t - 4 scrolls of teleportation
 x - 2 scrolls of remove curse
 y - a scroll of silence
 z - 2 scrolls of blinking
 A - a scroll of brand weapon {unknown}
Potions
 b - 2 potions of cancellation
 d - 2 potions of might
 h - a potion of haste
 l - 2 potions of flight
 q - a potion of curing
 w - 3 potions of heal wounds
 B - 2 potions of resistance {unknown}
 C - a potion of lignification {unknown}
 E - a potion of degeneration {unknown}
Comestibles
 e - 11 rations


   Skills:
 + Level 7.2 Fighting
 * Level 13.8 Long Blades
 + Level 8.4 Armour
 + Level 9.1 Shields
 + Level 1.2 Invocations


You had 9 spell levels left.
You didn't know any spells.
Your spell library contained the following spells:

 Spells                   Type           Power        Failure   Level  Hunger
 Beastly Appendage        Tmut           #.....       99%         1    ##.....
 Sandblast                Erth           #.....       99%         1    ##.....
 Passwall                 Tmut/Erth      #.......     100%        2    ###....
 Sticks to Snakes         Tmut           #.......     100%        2    ###....
 Spider Form              Tmut/Pois      #.........   100%        3    ####...
 Stone Arrow              Conj/Erth      #.....       100%        3    ####...
 Ice Form                 Ice/Tmut       #.......     100%        4    #####..
 Petrify                  Tmut/Erth      #.......     100%        4    #####..
 Blade Hands              Tmut           #.........   100%        5    ######.
 Lee's Rapid Deconstruct  Erth           #.........   100%        5    ######.


Dungeon Overview and Level Annotations

Branches:
Dungeon (9/15)             Temple (0/1) D:5            Lair (0/6) D:9
    Orc: D:9-12

Altars:
Cheibriados
Elyvilon
Hepliaklqana
Kikubaaqudgha
Okawaru
Qazlal
Ru
Sif Muna
Uskayaw
Wu Jian
Xom
Zin
The Shining One


Innate Abilities, Weirdness & Mutations

You reflexively headbutt those who attack you in melee.
You have a pair of horns on your head.


Message History

The puff of flame hits the two-headed ogre.
The two-headed ogre is severely wounded.
Evoke which item? (* to show all) (? for menu, Esc to quit)
Aiming: Throw Flame
Press: ? - help, Shift-Dir - straight line, f/p - two-headed ogre
Aim: a two-headed ogre, wielding two +0 giant spiked clubs (severely wounded)
The puff of flame hits the two-headed ogre!
The two-headed ogre is severely wounded.
Evoke which item? (* to show all) (? for menu, Esc to quit)
Aiming: Throw Flame
Press: ? - help, Shift-Dir - straight line, f/p - two-headed ogre
Aim: a two-headed ogre, wielding two +0 giant spiked clubs (severely wounded)
The puff of flame hits the two-headed ogre.
The two-headed ogre is almost dead.
You barely miss the two-headed ogre.
The two-headed ogre is almost dead.
The two-headed ogre hits you with a +0 giant spiked club.
* * * LOW HITPOINT WARNING * * *
The two-headed ogre hits you with a cursed +0 giant spiked club!
You die...

#..#.##..# ##....).##...
#..#.##..# ##.....####.
#..#.##..# ##.........
##........# ##'#######
#........## #.#
#.###.##.# #)#######
#.##.# #######........
#.##.###....#...####..
#....@...........# #..
####.O.###......## #..
#..#..###....## ##.
######..#.##(###...#####
........#.#....###....##
###..#.#......####...
##.#....##.....###.
#.#.#......###..##
#.#.#....####....#


You could see a two-headed ogre.

Vanquished Creatures
  A deep elf mage (D:8)
  Maurice (D:8)
  A gargoyle (D:8)
  Maggie (D:6)
  A hippogriff (D:7)
  Eustachio (D:6)
  3 yaks
  3 porcupines (D:9)
  3 ice beasts
  4 orc warriors
  4 sky beasts
  2 phantoms
  6 ogres
  A necrophage (D:9)
  3 centaurs
  A big kobold (D:8)
  3 bullfrogs
  3 scorpions
  A wight (D:8)
  A howler monkey (D:5)
  3 jellies
  3 crimson imps
  A centaur zombie (D:8)
  A quasit (D:7)
  2 bullfrog zombies
  6 orc priests
  A bullfrog skeleton (D:5)
  4 hounds (D:4)
  An iguana (D:8)
  10 orc wizards
  4 worker ants
  A worker ant zombie (D:5)
  11 adders
  A howler monkey skeleton (D:5)
  2 shadow imps (D:5)
  3 adder skeletons
  5 worms
  2 dart slugs
  4 leopard geckos
  27 orcs
  12 giant cockroaches
  7 goblins
  9 hobgoblins
  14 jackals
  7 quokkas
  A ball python (D:2)
  A ball python skeleton (D:4)
  5 bats
  6 frilled lizards
  A jackal skeleton (D:4)
  5 kobolds
  2 leopard gecko skeletons (D:4)
  A quokka skeleton (D:8)
  A quokka zombie (D:8)
  12 rats
220 creatures vanquished.

Vanquished Creatures (others)
  A fungus (D:9)
1 creature vanquished.

Grand Total: 221 creatures vanquished

Notes
Turn   | Place    | Note
-------+----------+-------------------------------------------
     0 | D:1      | Dirian the Minotaur Fighter began the quest for the Orb.
     0 | D:1      | Reached XP level 1. HP: 19/19 MP: 0/0
   254 | D:1      | Reached XP level 2. HP: 27/27 MP: 1/1
   666 | D:1      | Reached skill level 3 in Long Blades
   921 | D:2      | Reached XP level 3. HP: 32/33 MP: 2/2
  1264 | D:2      | Reached XP level 4. HP: 40/40 MP: 3/3
  1519 | D:2      | Reached skill level 4 in Long Blades
  1899 | D:3      | Reached XP level 5. HP: 20/46 MP: 4/4
  2206 | D:3      | Found a sacrificial altar of Ru.
  2213 | D:3      | Noticed a phantom
  2244 | D:3      | Killed a phantom
  2244 | D:3      | Reached skill level 5 in Long Blades
  2502 | D:3      | Found an ancient bone altar of Kikubaaqudgha.
  2543 | D:3      | Reached XP level 6. HP: 51/53 MP: 5/5
  2912 | D:4      | Reached skill level 5 in Armour
  2948 | D:4      | Found a white marble altar of Elyvilon.
  3137 | D:4      | Reached skill level 6 in Long Blades
  3362 | D:4      | Reached skill level 5 in Shields
  3362 | D:4      | Reached XP level 7. HP: 43/60 MP: 6/6
  3517 | D:4      | Reached skill level 7 in Long Blades
  3694 | D:4      | Found an iron altar of Okawaru.
  3787 | D:4      | Became a worshipper of Warmaster Okawaru
  3847 | D:4      | Found a shimmering altar of Xom.
  3847 | D:4      | Found a shimmering altar of Xom.
  3849 | D:4      | Found a shimmering altar of Xom.
  3850 | D:4      | Found a shimmering altar of Xom.
  4088 | D:5      | Entered Level 5 of the Dungeon
  4212 | D:5      | Reached skill level 8 in Long Blades
  4216 | D:5      | Reached skill level 5 in Fighting
  4413 | D:5      | Found a staircase to the Ecumenical Temple.
  4449 | D:5      | Reached * piety under Okawaru
  4458 | D:5      | Reached XP level 8. HP: 58/68 MP: 7/7
  4461 | D:5      | Reached skill level 9 in Long Blades
  4838 | D:5      | Found a shimmering blue altar of Sif Muna.
  4920 | D:5      | Reached skill level 10 in Long Blades
  5046 | D:5      | Found an ornate altar of the Wu Jian Council.
  5121 | D:6      | Noticed Maggie
  5298 | D:6      | Noticed Eustachio
  5313 | D:6      | Killed Eustachio
  5313 | D:6      | Reached ** piety under Okawaru
  5452 | D:6      | Reached skill level 11 in Long Blades
  5598 | D:6      | Killed Maggie
  5598 | D:6      | Reached XP level 9. HP: 59/75 MP: 5/8
  6003 | D:6      | Found a shimmering altar of Xom.
  6058 | D:6      | Found a hazy altar of Hepliaklqana.
  6190 | D:7      | Reached *** piety under Okawaru
  6199 | D:7      | Reached skill level 12 in Long Blades
  6240 | D:7      | Found a snail-covered altar of Cheibriados.
  6254 | D:7      | Found a glowing golden altar of the Shining One.
  6687 | D:8      | Noticed Maurice
  7038 | D:8      | Noticed a gargoyle
  7319 | D:8      | Killed Maurice
  7450 | D:8      | Killed a gargoyle
  7450 | D:8      | Reached XP level 10. HP: 35/84 MP: 9/9
  7945 | D:8      | Reached **** piety under Okawaru
  8131 | D:8      | Reached skill level 13 in Long Blades
  8198 | D:8      | Found a glowing silver altar of Zin.
  8213 | D:8      | Noticed a deep elf mage
  8218 | D:8      | Killed a deep elf mage
  8346 | D:8      | Found a shimmering altar of Xom.
  8732 | D:9      | Noticed a two-headed ogre
  8897 | D:9      | Reached skill level 1 in Invocations
  9017 | D:9      | Noticed a +0 dagger
  9017 | D:9      | Noticed a +0 dagger
  9041 | D:9      | Found a staircase to the Lair.
  9187 | D:9      | Found a hide-covered altar of Uskayaw.
  9198 | D:9      | Found a stormy altar of Qazlal.
  9209 | D:9      | Identified the ring of Moderation {+Fly rElec rPois rF+}
  9457 | D:8      | HP: 3/86 [two-headed ogre/+0 giant spiked club (21)]
  9475 | D:8      | HP: 3/86 [two-headed ogre/+0 giant spiked club (4)]
  9475 | D:8      | Mangled by a two-headed ogre

Illustrated notes

Levels and vault maps discovered:
D:1:      dpeg_arrival_chambers_temple_mockup, layout_basic
D:2:      layout_basic, minmay_pentomino_u2
D:3:      layout_basic, nicolae_ru_awakened_eye, lemuel_coloured_pillars_altar
D:4:      layout_loops_corners, lemuel_doored_altar,
          nicolae_overflow_crystal_walls, first_ration, xom_redecorated
D:5:      layout_gridville, led_sif_book, marbit_many_paths,
          minmay_temple_entry_glassed_door
D:6:      layout_loops_ring, kennysheep_little_box, kennysheep_mini_moat,
          uniq_maggie, uniq_eustachio
D:7:      layout_rooms, chequers_temple_overflow_statue_of_worship
D:8:      minmay_the_grid_triangle_9x9_rhombus_thin
          [minmay_the_grid_triangle_9x9_odd_lines,
          minmay_the_grid_triangle_9x9_prize_top_heavy,
          minmay_the_grid_triangle_9x9_dagger,
          minmay_the_grid_triangle_9x9_skeleton], layout_loops_corners,
          old_standard_altar, basic_altar, uniq_maurice
D:9:      layout_basic, dancing_weapons_uskayaw, lemuel_round_altar,
          grunt_lair_entry_orc_guard_hut, uniq_psyche

Skill      XL: |  1  2  3  4  5  6  7  8  9 10 |
---------------+-------------------------------+-----
Armour         | 4 5 6 7 8 |  8.4
Long Blades    | 3 4 5 6 8 11 12 13 | 13.8
Fighting       | 4 5 6 7 |  7.2
Shields        | 4 5 6 8 9 |  9.1
Invocations    | 1 |  1.2

Action                   |  1- 3 |  4- 6 |  7- 9 | 10-12 || total
-------------------------+-------+-------+-------+-------++-------
Melee: Long sword        |    99 |   160 |   360 |   151 ||   770
       Headbutt          |    17 |    26 |    71 |    36 ||   150
       Unarmed           |       |       |     7 |       ||     7
Invok: Heroism           |       |       |     4 |     4 ||     8
Evoke: Wand              |       |       |       |     4 ||     4
  Use: Scroll            |       |    11 |     6 |     2 ||    19
       Potion            |       |       |     2 |       ||     2
  Eat: Chunk             |     1 |     7 |    10 |     6 ||    24
       Ration            |       |       |     1 |       ||     1
Armor: Scale mail        |    33 |    60 |       |       ||    93
       Chain mail        |       |    22 |   175 |    41 ||   238
       Skin              |       |       |     2 |       ||     2
Dodge: Dodged            |    24 |    39 |    91 |    17 ||   171
Block: Kite shield       |    51 |    88 |   225 |    62 ||   426
       Rpst.: Long sword |     6 |    11 |    11 |     3 ||    31
